TOP OF THE 1ST |
Orem Owlz batting - Pitching for Boston (APP) Red Sox : RHP Nate Rizzi
|
Pitching: RHP Nate Rizzi
|
|
Batting: RHB Daniel Molina
|
0-0: Called Strike 0-1: Foul Ball, location: 2F 0-2: Foul Ball, location: 2F 0-2: Foul Ball, location: 2F 0-2: Foul Ball, location: 2F 0-2: Ball 1-2: Strikes out swinging
|
Batting: LHB Ramon Garduno
|
0-0: Called Strike 0-1: Ball 1-1: SINGLE (Groundball, 4MD, EV 97.5 MPH)
|
Batting: RHB Brian Spry
|
0-0: Swinging Strike 0-1: Called Strike 0-2: Grounds into double play, 6-4-3 (Groundball, 6, EV 97.5 MPH)
|
Top of the 1st over - 0 runs, 1 hit, 0 errors, 0 left on base; Orem 0 - Boston (APP) 0 |
BOTTOM OF THE 1ST |
Boston (APP) Red Sox batting - Pitching for Orem Owlz : RHP Lense Heus
|
Pitching: RHP Lense Heus
|
|
Batting: LHB Javier Cajina
|
0-0: Called Strike 0-1: Ball 1-1: Ball 2-1: Bunted foul 2-2: Ball 3-2: Ground out 5-3 (Groundball, 56S, EV 88.1 MPH)
|
Batting: RHB Kirk Cully
|
0-0: Ball 1-0: Ground out 4-3 (Groundball, 4, EV 85.6 MPH)
|
Batting: LHB Mike Hutcheson
|
0-0: Ball 1-0: Ground out 6-3 (Groundball, 6, EV 100.0 MPH)
|
Bottom of the 1st over - 0 runs, 0 hits, 0 errors, 0 left on base; Orem 0 - Boston (APP) 0 |
TOP OF THE 2ND |
Orem Owlz batting - Pitching for Boston (APP) Red Sox : RHP Nate Rizzi
|
Batting: LHB Bill Girton
|
0-0: Called Strike 0-1: Swinging Strike 0-2: Foul Ball, location: 2F 0-2: Strikes out swinging
|
Batting: RHB David Rhodes
|
0-0: Ball 1-0: Foul Ball, location: 2F 1-1: Swinging Strike 1-2: Foul Ball, location: 2F 1-2: Strikes out swinging
|
Batting: SHB Yuya Hirata
|
0-0: Swinging Strike 0-1: Called Strike 0-2: Ball 1-2: Foul Ball, location: 2F 1-2: Ball 2-2: Strikes out looking
|
Top of the 2nd over - 0 runs, 0 hits, 0 errors, 0 left on base; Orem 0 - Boston (APP) 0 |
BOTTOM OF THE 2ND |
Boston (APP) Red Sox batting - Pitching for Orem Owlz : RHP Lense Heus
|
Batting: LHB Kien-lung Zou
|
0-0: Foul Ball, location: 2F 0-1: Ball 1-1: Ball 2-1: Ball 3-1: Base on Balls
|
Batting: LHB Stanislav Parusov
|
0-0: Ball 1-0: SINGLE (Groundball, 25, EV 65.0 MPH) (infield hit) Kien-lung Zou to second
|
Batting: RHB Felix Rangel
|
0-0: Ball 1-0: 3-RUN HOME RUN (Flyball, 7LD, EV 96.9 MPH), Distance : 352 ft
|
Batting: RHB Joe Booth
|
0-0: Swinging Strike 0-1: Swinging Strike 0-2: Strikes out swinging
|
Batting: RHB Luis Nino
|
0-0: Ball 1-0: Called Strike 1-1: Called Strike 1-2: Foul Ball, location: 2F 1-2: Fly out, F9 (Flyball, 9D, EV 96.9 MPH)
|
Batting: RHB Eric Kent
|
0-0: Foul Ball, location: 2F 0-1: Ball 1-1: Ground out 6-3 (Groundball, 6S, EV 88.8 MPH)
|
Bottom of the 2nd over - 3 runs, 2 hits, 0 errors, 0 left on base; Orem 0 - Boston (APP) 3 |
TOP OF THE 3RD |
Orem Owlz batting - Pitching for Boston (APP) Red Sox : RHP Nate Rizzi
|
Batting: SHB Marty Kuehn
|
0-0: Ball 1-0: Ball 2-0: Called Strike 2-1: Ground out U3 (Groundball, 13, EV 93.1 MPH)
|
Batting: RHB Jesse Sargent
|
0-0: Foul Ball, location: 2F 0-1: SINGLE (Groundball, 15S, EV 61.9 MPH) (infield hit)
|
Batting: RHB Carlos Gonzales
|
0-0: Called Strike 0-1: Fielders Choice at 2nd, 4-6 (Groundball, 34, EV 88.1 MPH)
|
Batting: RHB Daniel Molina
|
0-0: Called Strike 0-1: Ball 1-1: Ball Carlos Gonzales steals 2nd base 2-1: Foul Ball, location: 2F 2-2: Ball 3-2: Base on Balls
|
Batting: LHB Ramon Garduno
|
0-0: Ball 1-0: Ball 2-0: Ball 3-0: Base on Balls Carlos Gonzales to third Daniel Molina to second
|
Batting: RHB Brian Spry
|
0-0: Called Strike 0-1: TRIPLE (Line Drive, 8RXD, EV 101.9 MPH) Carlos Gonzales scores Daniel Molina scores Ramon Garduno scores
|
Batting: LHB Bill Girton
|
0-0: Ball 1-0: Called Strike 1-1: Swinging Strike 1-2: Strikes out swinging
|
Top of the 3rd over - 3 runs, 2 hits, 0 errors, 1 left on base; Orem 3 - Boston (APP) 3 |
BOTTOM OF THE 3RD |
Boston (APP) Red Sox batting - Pitching for Orem Owlz : RHP Lense Heus
|
Batting: LHB Javier Cajina
|
0-0: SINGLE (Groundball, 5L, EV 99.4 MPH) (infield hit)
|
Batting: RHB Kirk Cully
|
0-0: Ball Javier Cajina steals 2nd base (no throw) 1-0: Foul Ball, location: 2F 1-1: Ground out 5-3 (Groundball, 56S, EV 85.6 MPH)
|
Batting: LHB Mike Hutcheson
|
0-0: Ball 1-0: Foul Ball, location: 2F 1-1: Fly out, F5 (Line Drive, 5L, EV 96.9 MPH)
|
Batting: LHB Kien-lung Zou
|
0-0: Ball 1-0: Called Strike 1-1: Swinging Strike 1-2: Ball 2-2: Ball 3-2: Foul Ball, location: 2F 3-2: Foul Ball, location: 2F 3-2: Foul Ball, location: 2F 3-2: Strikes out swinging
|
Bottom of the 3rd over - 0 runs, 1 hit, 0 errors, 1 left on base; Orem 3 - Boston (APP) 3 |
TOP OF THE 4TH |
Orem Owlz batting - Pitching for Boston (APP) Red Sox : RHP Nate Rizzi
|
Batting: RHB David Rhodes
|
0-0: Ball 1-0: Ground out 6-3 (Groundball, 6, EV 83.8 MPH)
|
Batting: SHB Yuya Hirata
|
0-0: Ball 1-0: Ball 2-0: Ball 3-0: Called Strike 3-1: Foul Ball, location: 2F 3-2: Strikes out looking
|
Batting: SHB Marty Kuehn
|
0-0: Ball 1-0: Ball 2-0: Ball 3-0: Called Strike 3-1: Base on Balls
|
Batting: RHB Jesse Sargent
|
0-0: Fly out, F3 (Popup, 3F, EV 68.1 MPH)
|
Top of the 4th over - 0 runs, 0 hits, 0 errors, 1 left on base; Orem 3 - Boston (APP) 3 |
BOTTOM OF THE 4TH |
Boston (APP) Red Sox batting - Pitching for Orem Owlz : RHP Lense Heus
|
Batting: LHB Stanislav Parusov
|
0-0: TRIPLE (Flyball, 8RXD, EV 105.6 MPH)
|
Batting: RHB Felix Rangel
|
0-0: Foul Ball, location: 2F 0-1: Ball 1-1: Fly out, F4 (Popup, 4S, EV 81.2 MPH)
|
Batting: RHB Joe Booth
|
0-0: Fly out, F8 (Flyball, 8RM, EV 86.2 MPH)
|
Batting: RHB Luis Nino
|
0-0: Called Strike 0-1: Called Strike 0-2: Foul Ball, location: 2F 0-2: Ball 1-2: Ball 2-2: Strikes out swinging
|
Bottom of the 4th over - 0 runs, 1 hit, 0 errors, 1 left on base; Orem 3 - Boston (APP) 3 |
TOP OF THE 5TH |
Orem Owlz batting - Pitching for Boston (APP) Red Sox : RHP Nate Rizzi
|
Batting: RHB Carlos Gonzales
|
0-0: Ground out 4-3 (Groundball, 34, EV 81.9 MPH)
|
Batting: RHB Daniel Molina
|
0-0: Ball 1-0: Ball 2-0: Called Strike 2-1: Called Strike 2-2: Ball 3-2: Base on Balls
|
Batting: LHB Ramon Garduno
|
0-0: Ball 1-0: Called Strike Daniel Molina steals 2nd base 1-1: Ball 2-1: Called Strike 2-2: Foul Ball, location: 2F 2-2: Foul Ball, location: 2F 2-2: Strikes out swinging
|
Batting: RHB Brian Spry
|
0-0: Called Strike 0-1: Ball 1-1: Foul Ball, location: 2F 1-2: Ball 2-2: Ground out 6-3 (Groundball, 6, EV 85.6 MPH)
|
Top of the 5th over - 0 runs, 0 hits, 0 errors, 1 left on base; Orem 3 - Boston (APP) 3 |
BOTTOM OF THE 5TH |
Boston (APP) Red Sox batting - Pitching for Orem Owlz : RHP Lense Heus
|
Batting: RHB Eric Kent
|
0-0: Ball 1-0: Fly out, F3 (Popup, 3SF, EV 81.2 MPH)
|
Batting: LHB Javier Cajina
|
0-0: Ball 1-0: Foul Ball, location: 2F 1-1: Fly out, F8 (Line Drive, 8LS, EV 91.2 MPH)
|
Batting: RHB Kirk Cully
|
0-0: TRIPLE (Flyball, 78XD, EV 96.9 MPH)
|
Batting: LHB Mike Hutcheson
|
0-0: Called Strike 0-1: Ground out U3 (Groundball, 3S, EV 88.1 MPH)
|
Bottom of the 5th over - 0 runs, 1 hit, 0 errors, 1 left on base; Orem 3 - Boston (APP) 3 |
TOP OF THE 6TH |
Orem Owlz batting - Pitching for Boston (APP) Red Sox : RHP Nate Rizzi
|
Batting: LHB Bill Girton
|
0-0: Fly out, F8 (Flyball, 8LD, EV 104.4 MPH)
|
Batting: RHB David Rhodes
|
0-0: Called Strike 0-1: Ball 1-1: Foul Ball, location: 2F 1-2: Ball 2-2: Ball 3-2: SINGLE (Line Drive, 9S, EV 108.8 MPH)
|
Batting: SHB Yuya Hirata
|
0-0: Foul Ball, location: 2F 0-1: Ball 1-1: Ball David Rhodes is caught stealing 2nd base 2-6 2-1: Swinging Strike 2-2: Ball 3-2: Foul Ball, location: 2F 3-2: Base on Balls
|
Batting: SHB Marty Kuehn
|
0-0: Ball Yuya Hirata steals 2nd base 1-0: Foul Ball, location: 2F 1-1: Ball 2-1: Foul Ball, location: 2F 2-2: Ball 3-2: Strikes out looking
|
Top of the 6th over - 0 runs, 1 hit, 0 errors, 1 left on base; Orem 3 - Boston (APP) 3 |
BOTTOM OF THE 6TH |
Boston (APP) Red Sox batting - Pitching for Orem Owlz : RHP Lense Heus
|
Batting: LHB Kien-lung Zou
|
0-0: Called Strike 0-1: Ball 1-1: Called Strike 1-2: SOLO HOME RUN (Flyball, 89XD, EV 111.9 MPH), Distance : 415 ft
|
Batting: LHB Stanislav Parusov
|
0-0: Ball 1-0: Ball 2-0: Foul Ball, location: 2F 2-1: Fly out, F6 (Popup, 6, EV 71.9 MPH)
|
Batting: RHB Felix Rangel
|
0-0: Ball 1-0: Ball 2-0: Swinging Strike 2-1: Ground out 4-3 (Groundball, 34, EV 83.8 MPH)
|
Batting: RHB Joe Booth
|
0-0: Called Strike 0-1: Ball 1-1: Ball 2-1: SINGLE (Line Drive, 89S, EV 103.1 MPH)
|
Batting: RHB Luis Nino
|
0-0: Ball 1-0: Ball Joe Booth steals 2nd base 2-0: Ground out 6-3 (Groundball, 56, EV 87.5 MPH)
|
Bottom of the 6th over - 1 run, 2 hits, 0 errors, 1 left on base; Orem 3 - Boston (APP) 4 |
TOP OF THE 7TH |
Orem Owlz batting - Pitching for Boston (APP) Red Sox : RHP Nate Rizzi
|
Pitching: LHP Brad Victor
|
|
Batting: RHB Jesse Sargent
|
0-0: Swinging Strike 0-1: Called Strike 0-2: Strikes out swinging
|
Batting: RHB Carlos Gonzales
|
0-0: Ball 1-0: Fly out, F8 (Line Drive, 8RD, EV 86.2 MPH)
|
Batting: RHB Daniel Molina
|
0-0: Ball 1-0: Called Strike 1-1: Fly out, F3 (Popup, 34, EV 68.8 MPH)
|
Top of the 7th over - 0 runs, 0 hits, 0 errors, 0 left on base; Orem 3 - Boston (APP) 4 |
BOTTOM OF THE 7TH |
Boston (APP) Red Sox batting - Pitching for Orem Owlz : RHP Lense Heus
|
Pitching: RHP Nick Kempson
|
|
Batting: RHB Eric Kent
|
0-0: Ground out 3-1 (Groundball, 34, EV 92.5 MPH)
|
Batting: LHB Javier Cajina
|
0-0: DOUBLE (Line Drive, 7LS, EV 93.1 MPH)
|
Batting: RHB Kirk Cully
|
0-0: Called Strike 0-1: Ball 1-1: Foul Ball, location: 2F 1-2: Strikes out swinging
|
Batting: LHB Mike Hutcheson
|
0-0: Ball 1-0: Foul Ball, location: 2F 1-1: Ball 2-1: 2-RUN HOME RUN (Flyball, 9LD, EV 91.9 MPH), Distance : 356 ft
|
Batting: LHB Kien-lung Zou
|
0-0: Called Strike 0-1: Ball 1-1: Foul Ball, location: 2F 1-2: Foul Ball, location: 2F 1-2: Strikes out swinging, 2-3 out at first.
|
Bottom of the 7th over - 2 runs, 2 hits, 0 errors, 0 left on base; Orem 3 - Boston (APP) 6 |
TOP OF THE 8TH |
Orem Owlz batting - Pitching for Boston (APP) Red Sox : LHP Brad Victor
|
Batting: LHB Ramon Garduno
|
0-0: Ball 1-0: Swinging Strike 1-1: Ball 2-1: Ball 3-1: Base on Balls
|
Batting: RHB Brian Spry
|
0-0: Called Strike 0-1: Ball 1-1: Called Strike 1-2: Foul Ball, location: 2F 1-2: Ball 2-2: Strikes out looking
|
Batting: LHB Bill Girton
|
0-0: Foul Ball, location: 2F 0-1: Foul Ball, location: 2F 0-2: TRIPLE (Flyball, 7D, EV 100.6 MPH) Ramon Garduno scores
|
Batting: RHB David Rhodes
|
0-0: Called Strike 0-1: Foul Ball, location: 2F 0-2: 2-RUN HOME RUN (Flyball, 7D, EV 99.4 MPH), Distance : 379 ft
|
Pitching: RHP Danny Diaz
|
|
Batting: SHB Yuya Hirata
|
0-0: Called Strike 0-1: Ball 1-1: Ball 2-1: Foul Ball, location: 2F 2-2: SOLO HOME RUN (Flyball, 89XD, EV 103.1 MPH), Distance : 421 ft
|
Batting: SHB Marty Kuehn
|
0-0: Swinging Strike 0-1: Ball 1-1: Called Strike 1-2: Ball 2-2: Foul Ball, location: 2F 2-2: Foul Ball, location: 2F 2-2: Reached on error, E1 (Groundball, 15S, EV 71.9 MPH)
|
Pinch Hitting: LHB Matthew Bale
|
0-0: Intentional Walk
|
Batting: RHB Carlos Gonzales
|
0-0: Swinging Strike 0-1: Swinging Strike 0-2: Strikes out swinging
|
Batting: RHB Daniel Molina
|
0-0: Ball 1-0: Swinging Strike 1-1: Fielders Choice at 2nd, 6-4 (Groundball, 6, EV 95.0 MPH)
|
Top of the 8th over - 4 runs, 3 hits, 1 error, 2 left on base; Orem 7 - Boston (APP) 6 |
BOTTOM OF THE 8TH |
Boston (APP) Red Sox batting - Pitching for Orem Owlz : RHP Nick Kempson
|
Now at 1B: David Rhodes
|
|
Now at 3B: David Vigo
|
|
Now at SS: Brendan Garoutte
|
|
Now in RF: Ivan Barrientos
|
|
Batting: LHB Stanislav Parusov
|
0-0: Ball 1-0: SOLO HOME RUN (Line Drive, 89XD, EV 113.8 MPH), Distance : 429 ft
|
Pitching: LHP Ismael Flores
|
|
Batting: RHB Felix Rangel
|
0-0: Ball 1-0: Ball 2-0: Ball 3-0: Swinging Strike 3-1: Foul Ball, location: 2F 3-2: Foul Ball, location: 2F 3-2: Strikes out swinging
|
Batting: RHB Joe Booth
|
0-0: Ball 1-0: Foul Ball, location: 2F 1-1: Ball 2-1: Swinging Strike 2-2: Foul Ball, location: 2F 2-2: Foul Ball, location: 2F 2-2: Strikes out swinging
|
Batting: RHB Luis Nino
|
0-0: SOLO HOME RUN (Flyball, 78XD, EV 100.0 MPH), Distance : 425 ft
|
Batting: RHB Eric Kent
|
0-0: Called Strike 0-1: Ball 1-1: Fly out, F9 (Flyball, 89S, EV 86.2 MPH)
|
Bottom of the 8th over - 2 runs, 2 hits, 0 errors, 0 left on base; Orem 7 - Boston (APP) 8 |
TOP OF THE 9TH |
Orem Owlz batting - Pitching for Boston (APP) Red Sox : RHP Danny Diaz
|
Batting: RHB Ivan Barrientos
|
0-0: Called Strike 0-1: SOLO HOME RUN (Flyball, 7D, EV 93.8 MPH), Distance : 369 ft
|
Batting: RHB Brian Spry
|
0-0: Ball 1-0: Called Strike 1-1: Foul Ball, location: 2F 1-2: Foul Ball, location: 2F 1-2: Ground out 4-3 (Groundball, 4M, EV 90.0 MPH)
|
Batting: LHB Bill Girton
|
0-0: Ball 1-0: Ball 2-0: Foul Ball, location: 2F 2-1: Called Strike 2-2: Foul Ball, location: 2F 2-2: Ball 3-2: Base on Balls
|
Pitching: RHP Du Kong
|
|
Batting: RHB David Rhodes
|
0-0: Foul Ball, location: 2F 0-1: Called Strike 0-2: Fielders Choice at 2nd, 4-6 (Groundball, 4, EV 85.0 MPH)
|
Batting: SHB Yuya Hirata
|
0-0: Called Strike 0-1: Swinging Strike 0-2: Strikes out swinging
|
Top of the 9th over - 1 run, 1 hit, 0 errors, 1 left on base; Orem 8 - Boston (APP) 8 |
BOTTOM OF THE 9TH |
Boston (APP) Red Sox batting - Pitching for Orem Owlz : LHP Ismael Flores
|
Batting: RHB Josh Smith
|
0-0: Ball 1-0: Called Strike 1-1: Swinging Strike 1-2: Fly out, F8 (Line Drive, 78M, EV 96.9 MPH)
|
Batting: RHB Kirk Cully
|
0-0: Ball 1-0: Ball 2-0: SINGLE (Groundball, 56S, EV 64.4 MPH) (infield hit)
|
Pitching: RHP Jerry Romero
|
|
Batting: LHB Mike Hutcheson
|
0-0: Ball 1-0: Ball 2-0: Called Strike 2-1: Ball 3-1: Foul Ball, location: 2F 3-2: Foul Ball, location: 2F 3-2: Foul Ball, location: 2F 3-2: Foul Ball, location: 2F 3-2: Foul Ball, location: 2F 3-2: Foul Ball, location: 2F 3-2: Foul Ball, location: 2F 3-2: DOUBLE (Line Drive, 9LM, EV 104.4 MPH) Kirk Cully to third Kirk Cully scores
|
Bottom of the 9th over - 1 run, 2 hits, 0 errors, 1 left on base; Orem 8 - Boston (APP) 9 |
|